2447 views
Uploaded 2021-08-09 06:33:37
Game version 1.32.10
33:56 long 1on1 ladder game on (3)NomadIsles
Saved by aom
2447 views
Uploaded 2021-08-09 06:33:37
Game version 1.32.10
33:56 long 1on1 ladder game on (3)NomadIsles

87 units @ 13.3k
/ 1.5k
52 buildings @ 5k
/ 2.3k



| Scroll of Regeneration | 8 | 800 |
| Lesser Clarity Potion | 2 | 140 |
| Potion of Healing | 3 | 450 |
| Scroll of Town Portal | 5 | 1750 |
| Scroll of Healing | 2 | 500 |
| Scroll of Protection | 2 | 300 |
| Staff of Teleportation | 1 | 150 |
| total: | 23 | 4090g |
| Peasant | 31 | 2325 | / | 0 |
| Rifleman | 29 | 5945 | / | 870 |
| Priest | 4 | 540 | / | 40 |
| Sorceress | 6 | 930 | / | 120 |
| Spell Breaker | 8 | 1720 | / | 240 |
| Dragonhawk Rider | 5 | 1000 | / | 150 |
| Knight | 1 | 245 | / | 60 |
| Forest Troll Shadow Priest | 1 | 195 | / | 10 |
| Mud Golem | 1 | 145 | / | 10 |
| Forest Troll Berserker | 1 | 245 | / | 30 |
| total: | 87 | 13290g | / | 1530w |
| Scout Tower | 23 | 690 | / | 460 |
| Arcane Tower | 1 | 70 | / | 50 |
| Guard Tower | 14 | 980 | / | 700 |
| Altar of Kings | 1 | 180 | / | 50 |
| Barracks | 1 | 160 | / | 60 |
| Farm | 16 | 1280 | / | 320 |
| Blacksmith | 1 | 140 | / | 60 |
| Arcane Vault | 2 | 260 | / | 60 |
| Lumber Mill | 1 | 120 | / | 0 |
| Town Hall | 5 | 1925 | / | 1025 |
| Arcane Sanctum | 1 | 150 | / | 140 |
| Gryphon Aviary | 1 | 140 | / | 150 |
| Keep | 1 | 320 | / | 210 |
| Castle | 1 | 360 | / | 210 |
| total: | 52 | 5045g | / | 2325w |
| 0:03 | Peasant |
| 0:04 | Peasant |
| 0:04 | Peasant |
| 0:04 | Peasant |
| 1:08 | Altar of Kings |
| 1:11 | Barracks |
| 1:14 | Farm |
| 1:18 | Blacksmith |
| 1:19 | Peasant |
| 1:19 | Peasant |
| 1:19 | Peasant |
| 1:43 | Farm |
| 1:44 | Farm |
| 2:33 | Rifleman |
| 2:33 | Rifleman |
| 2:45 | Peasant |
| 2:52 | Peasant |
| 2:53 | Peasant |
| 3:00 | Farm |
| 3:07 | Scout Tower |
| 3:19 | Summon Water Elemental |
| 3:38 | Arcane Tower |
| 4:25 | Keep |
| 4:41 | Rifleman |
| 4:41 | Rifleman |
| 4:44 | Black Gunpowder |
| 5:17 | Arcane Vault |
| 5:19 | Farm |
| 5:20 | Farm |
| 5:22 | Scout Tower |
| 5:23 | Scout Tower |
| 5:24 | Scout Tower |
| 5:28 | Lumber Mill |
| 5:35 | Blizzard |
| 6:12 | Town Hall |
| 6:26 | Scroll of Regeneration |
| 6:28 | Lesser Clarity Potion |
| 7:22 | Brilliance Aura |
| 7:27 | Forest Troll Shadow Priest |
| 7:33 | Peasant |
| 7:33 | Peasant |
| 7:41 | Mud Golem |
| 7:42 | Forest Troll Berserker |
| 7:49 | Improved Masonry |
| 7:57 | Rifleman |
| 7:57 | Long Rifles |
| 7:59 | Rifleman |
| 8:49 | Guard Tower |
| 9:03 | Farm |
| 9:05 | Farm |
| 9:08 | Guard Tower |
| 10:14 | Scout Tower |
| 10:15 | Scout Tower |
| 10:16 | Scout Tower |
| 10:29 | Improved Lumber Harvesting |
| 10:30 | Advanced Masonry |
| 10:41 | Rifleman |
| 10:43 | Scroll of Regeneration |
| 10:44 | Scroll of Town Portal |
| 10:47 | Blizzard |
| 10:49 | Guard Tower |
| 11:07 | Town Hall |
| 11:20 | Guard Tower |
| 11:22 | Farm |
| 11:22 | Farm |
| 11:23 | Farm |
| 11:23 | Farm |
| 11:28 | Arcane Sanctum |
| 11:35 | Peasant |
| 11:53 | Flame Strike |
| 12:18 | Rifleman |
| 12:18 | Rifleman |
| 12:39 | Scout Tower |
| 12:39 | Scout Tower |
| 12:40 | Scout Tower |
| 12:40 | Scout Tower |
| 12:41 | Scout Tower |
| 13:17 | Town Hall |
| 13:34 | Rifleman |
| 13:34 | Rifleman |
| 13:49 | Scout Tower |
| 14:11 | Guard Tower |
| 14:16 | Scout Tower |
| 14:22 | Farm |
| 14:44 | Rifleman |
| 14:45 | Rifleman |
| 14:45 | Rifleman |
| 14:49 | Guard Tower |
| 15:00 | Guard Tower |
| 15:28 | Peasant |
| 15:29 | Peasant |
| 15:29 | Peasant |
| 15:29 | Peasant |
| 15:29 | Peasant |
| 15:47 | Scroll of Regeneration |
| 16:32 | Rifleman |
| 16:33 | Rifleman |
| 16:33 | Rifleman |
| 16:37 | Farm |
| 16:37 | Farm |
| 16:37 | Farm |
| 16:39 | Scout Tower |
| 16:39 | Scout Tower |
| 17:03 | Scroll of Regeneration |
| 17:04 | Potion of Healing |
| 17:10 | Guard Tower |
| 17:56 | Banish |
| 18:16 | Town Hall |
| 18:17 | Scout Tower |
| 18:17 | Scout Tower |
| 18:18 | Scout Tower |
| 18:18 | Scout Tower |
| 18:26 | Scroll of Regeneration |
| 18:34 | Guard Tower |
| 18:36 | Priest |
| 18:37 | Sorceress |
| 18:37 | Sorceress |
| 18:41 | Spell Breaker |
| 18:41 | Spell Breaker |
| 18:41 | Spell Breaker |
| 18:44 | Magic Sentry |
| 18:47 | Sorceress |
| 18:47 | Sorceress |
| 18:48 | Priest |
| 18:48 | Priest |
| 18:48 | Spell Breaker |
| 18:48 | Spell Breaker |
| 18:52 | Guard Tower |
| 18:56 | Peasant |
| 19:16 | Guard Tower |
| 19:43 | Scroll of Town Portal |
| 19:54 | Blizzard |
| 21:00 | Arcane Vault |
| 21:01 | Peasant |
| 21:02 | Peasant |
| 21:04 | Scout Tower |
| 21:04 | Scout Tower |
| 21:05 | Scout Tower |
| 21:17 | Peasant |
| 21:32 | Guard Tower |
| 21:57 | Rifleman |
| 21:57 | Rifleman |
| 22:00 | Guard Tower |
| 22:09 | Scroll of Healing |
| 22:09 | Scroll of Protection |
| 22:12 | Scroll of Town Portal |
| 22:22 | Staff of Teleportation |
| 22:42 | Guard Tower |
| 22:51 | Flame Strike |
| 24:06 | Peasant |
| 24:06 | Peasant |
| 24:14 | Town Hall |
| 24:40 | Castle |
| 24:41 | Spell Breaker |
| 24:43 | Sorceress |
| 24:46 | Refined Gunpowder |
| 25:30 | Spell Breaker |
| 25:35 | Rifleman |
| 25:37 | Studded Leather Armor |
| 25:56 | Gryphon Aviary |
| 26:59 | Rifleman |
| 26:59 | Rifleman |
| 26:59 | Rifleman |
| 26:59 | Rifleman |
| 27:00 | Rifleman |
| 27:14 | Potion of Healing |
| 27:14 | Scroll of Regeneration |
| 27:41 | Sorceress |
| 27:41 | Priest |
| 27:45 | Banish |
| 28:20 | Peasant |
| 28:20 | Peasant |
| 28:20 | Peasant |
| 28:20 | Peasant |
| 28:20 | Peasant |
| 28:22 | Peasant |
| 28:32 | Rifleman |
| 28:38 | Scroll of Regeneration |
| 28:43 | Lesser Clarity Potion |
| 28:59 | Scroll of Town Portal |
| 29:05 | Holy Light |
| 29:34 | Scroll of Protection |
| 29:35 | Scroll of Healing |
| 30:33 | Potion of Healing |
| 30:36 | Scroll of Town Portal |
| 30:47 | Dragonhawk Rider |
| 30:47 | Dragonhawk Rider |
| 30:47 | Dragonhawk Rider |
| 30:47 | Dragonhawk Rider |
| 31:03 | Scroll of Regeneration |
| 31:05 | Rifleman |
| 31:28 | Knight |
| 31:30 | Rifleman |
| 31:45 | Dragonhawk Rider |
| 31:52 | Rifleman |
| 32:33 | Peasant |
| 33:24 | Spell Breaker |
| Right click | 1291 |
| Select | 595 |
| Build/train/purchase | 233 |
| Chat | 57 |
| Use ability | 52 |
| Misc. action | 31 |
| Remove unit | 21 |
| Esc | 3 |
| Item give/drop | 2 |
53 units @ 9.4k
/ 1.7k
22 buildings @ 3.7k
/ 1.2k



| Rod of Necromancy | 2 | 300 |
| Ritual Dagger | 1 | 125 |
| Sacrificial Skull | 1 | 50 |
| Potion of Healing | 4 | 600 |
| Orb of Corruption | 1 | 375 |
| Scroll of Healing | 2 | 500 |
| Scroll of Town Portal | 1 | 350 |
| Periapt of Vitality | 1 | 325 |
| Scroll of Protection | 1 | 150 |
| Potion of Lesser Invulnerability | 1 | 150 |
| total: | 15 | 2925g |
| Acolyte | 15 | 1125 | / | 0 |
| Ghoul | 6 | 720 | / | 0 |
| Crypt Fiend | 9 | 1935 | / | 360 |
| Obsidian Statue | 5 | 1000 | / | 175 |
| Gargoyle | 1 | 175 | / | 30 |
| Meat Wagon | 1 | 230 | / | 50 |
| Abomination | 6 | 1440 | / | 420 |
| Frost Wyrm | 3 | 1155 | / | 360 |
| Goblin Shredder | 2 | 750 | / | 200 |
| Mud Golem | 3 | 435 | / | 30 |
| Forest Troll Shadow Priest | 1 | 195 | / | 10 |
| Forest Troll Berserker | 1 | 245 | / | 30 |
| total: | 53 | 9405g | / | 1665w |
| Nerubian Tower | 2 | 200 | / | 40 |
| Altar of Darkness | 1 | 180 | / | 50 |
| Ziggurat | 8 | 1200 | / | 400 |
| Crypt | 1 | 200 | / | 50 |
| Tomb of Relics | 2 | 260 | / | 60 |
| Graveyard | 2 | 430 | / | 0 |
| Necropolis | 4 | 900 | / | 0 |
| Slaughterhouse | 1 | 140 | / | 135 |
| Sacrificial Pit | 1 | 75 | / | 150 |
| Boneyard | 2 | 350 | / | 400 |
| Halls of the Dead | 1 | 320 | / | 210 |
| Black Citadel | 1 | 325 | / | 230 |
| total: | 22 | 3735g | / | 1245w |
| 0:03 | Acolyte |
| 0:05 | Altar of Darkness |
| 0:07 | Ziggurat |
| 0:12 | Acolyte |
| 0:36 | Crypt |
| 0:50 | Acolyte |
| 1:08 | Tomb of Relics |
| 1:30 | Graveyard |
| 1:32 | Graveyard |
| 1:38 | Ghoul |
| 1:41 | Ghoul |
| 1:57 | Ghoul |
| 2:07 | Sleep |
| 2:10 | Rod of Necromancy |
| 2:20 | Ghoul |
| 2:36 | Ghoul |
| 2:55 | Halls of the Dead |
| 3:10 | Ziggurat |
| 3:47 | Vampiric Aura |
| 4:06 | Nerubian Tower |
| 4:08 | Unholy Strength |
| 4:12 | Crypt Fiend |
| 4:31 | Rod of Necromancy |
| 4:32 | Ritual Dagger |
| 4:32 | Sacrificial Skull |
| 5:09 | Goblin Shredder |
| 5:35 | Slaughterhouse |
| 5:56 | Crypt Fiend |
| 6:02 | Cannibalize |
| 6:15 | Acolyte |
| 6:24 | Ziggurat |
| 6:41 | Potion of Healing |
| 7:13 | Unholy Armor |
| 7:47 | Obsidian Statue |
| 8:05 | Crypt Fiend |
| 8:30 | Scroll of Healing |
| 8:32 | Vampiric Aura |
| 8:37 | Impale |
| 8:58 | Periapt of Vitality |
| 9:05 | Ziggurat |
| 9:10 | Improved Unholy Armor |
| 10:04 | Black Citadel |
| 10:09 | Crypt Fiend |
| 10:13 | Obsidian Statue |
| 10:33 | Mud Golem |
| 10:58 | Gargoyle |
| 11:01 | Creature Attack |
| 11:18 | Scroll of Protection |
| 11:30 | Creature Carapace |
| 12:00 | Spiked Carapace |
| 12:20 | Carrion Swarm |
| 12:56 | Destroyer Form |
| 13:05 | Rain of Fire |
| 13:56 | Meat Wagon |
| 13:59 | Improved Unholy Strength |
| 15:58 | Spiked Carapace |
| 16:45 | Disease Cloud |
| 16:46 | Abomination |
| 16:49 | Crypt Fiend |
| 16:52 | Advanced Unholy Strength |
| 17:32 | Burrow |
| 17:33 | Ghoul Frenzy |
| 17:33 | Web |
| 18:13 | Obsidian Statue |
| 18:25 | Abomination |
| 18:29 | Acolyte |
| 18:29 | Acolyte |
| 18:30 | Acolyte |
| 18:30 | Acolyte |
| 19:09 | Necropolis |
| 19:11 | Necropolis |
| 19:32 | Improved Creature Attack |
| 20:14 | Cleaving Attack |
| 21:17 | Obsidian Statue |
| 21:19 | Crypt Fiend |
| 21:33 | Acolyte |
| 22:20 | Orb of Corruption |
| 22:25 | Scroll of Town Portal |
| 22:25 | Scroll of Healing |
| 22:26 | Potion of Healing |
| 22:34 | Sacrificial Pit |
| 22:36 | Boneyard |
| 22:38 | Boneyard |
| 22:59 | Ziggurat |
| 23:14 | Vampiric Aura |
| 24:02 | Potion of Healing |
| 24:02 | Potion of Healing |
| 24:06 | Obsidian Statue |
| 24:07 | Abomination |
| 24:15 | Nerubian Tower |
| 25:32 | Frost Wyrm |
| 25:40 | Necropolis |
| 26:53 | Impale |
| 27:07 | Cleaving Attack |
| 27:29 | Acolyte |
| 27:29 | Acolyte |
| 27:32 | Ziggurat |
| 27:33 | Tomb of Relics |
| 27:34 | Ziggurat |
| 27:41 | Frost Wyrm |
| 27:44 | Crypt Fiend |
| 27:46 | Abomination |
| 28:09 | Goblin Shredder |
| 28:54 | Necropolis |
| 29:16 | Forest Troll Shadow Priest |
| 29:16 | Forest Troll Berserker |
| 29:17 | Mud Golem |
| 29:24 | Improved Creature Carapace |
| 29:31 | Ghoul |
| 30:23 | Rain of Fire |
| 30:39 | Inferno |
| 30:56 | Abomination |
| 30:56 | Abomination |
| 30:57 | Crypt Fiend |
| 30:57 | Crypt Fiend |
| 31:00 | Spiked Carapace |
| 31:18 | Frost Wyrm |
| 31:22 | Advanced Creature Attack |
| 31:53 | Ziggurat |
| 31:55 | Acolyte |
| 31:55 | Acolyte |
| 31:55 | Acolyte |
| 31:56 | Acolyte |
| 32:11 | Potion of Lesser Invulnerability |
| 32:26 | Mud Golem |
| 33:22 | Cleaving Attack |
| Select group | 2091 |
| Right click | 920 |
| Select | 716 |
| Misc. action | 216 |
| Build/train/purchase | 148 |
| Use ability | 87 |
| Assign group | 61 |
| Chat | 32 |
| Item give/drop | 9 |
| Remove unit | 2 |
| Minimap ping | 2 |